AoeStats
← GaTill3r0

Nomad

507905995Analyzed
3v3 RM · 13d ago on Sep 20, 2026· 45m 41s· 6 players
Game mode
Random Map
Map size
210×210
Population
200
Speed
Normal
Resources
Standard
Victory
Conquest
Starting age
Dark Age
Ending age
Imperial Age
RankedLock teamsTeams togetherTeam positionsShared explorationLock speedFull tech treeHidden civsTurbo modeCheats
Victory
Defeat
🇨🇦 Huns · Canada
926
+15
🇲🇽 Wu · Mexico
890
+16
🇭🇺 Britons · Hungary
884
+16
🇲🇽 Aztecs · Mexico
910
-17
🇲🇽 Maya · Mexico
886
-15
🇲🇽 Huns · Mexico
882
-15
duval0408
4:16 Loom
14:30 Feudal Age
16:03 Double-Bit Axe
20:11 Castle Age
18:14 Gold Mining
19:20 Stone Mining
19:49 Horse Collar
21:52 Bow Saw
22:12 Heavy Plow
24:44 Wheelbarrow
24:39 Fishing Lines
31:05 Imperial Age
29:13 Bloodlines
29:56 Husbandry
31:24 Scale Barding Armor
31:30 Forging
31:59 Gold Shaft Mining
31:13 Cavalier
32:59 Hand Cart
33:53 Paladin
36:21 Iron Casting
37:32 Chain Barding Armor
38:13 Blast Furnace
40:55 Plate Barding Armor
LV Chris R7
10:57 Loom
16:42 Feudal Age
18:12 Man-at-Arms
24:30 Castle Age
23:56 Arson
28:01 Demolition Ship
31:59 Medium Warships
33:33 Fletching
33:59 Fishing Lines
35:31 Red Cliffs Tactics
38:14 Double-Bit Axe
41:10 Bow Saw
45:59 Imperial Age
44:08 Wheelbarrow
43:41 Pikeman
44:22 Squires
46:07 Bodkin Arrow
46:13 Padded Archer Armor
juhamate7
5:37 Loom
13:51 Feudal Age
19:31 Castle Age
22:00 Wheelbarrow
36:58 Hand Cart
36:30 Horse Collar
37:41 Fletching
37:51 Padded Archer Armor
39:05 Yeomen
43:50 Town Watch
44:56 Heavy Plow
47:30 Imperial Age
GaTill3r0
5:36 Loom
15:50 Feudal Age
18:42 Fishing Lines
19:11 Town Watch
23:06 Castle Age
24:50 Man-at-Arms
27:11 Wheelbarrow
27:37 Crossbowman
28:27 Stone Mining
31:14 Pikeman
32:47 Squires
33:26 Hand Cart
33:39 Town Patrol
37:04 Imperial Age
35:12 Forging
35:02 Scale Mail Armor
34:31 Eagle Warrior
35:39 Fletching
35:49 Padded Archer Armor
36:22 Thumb Ring
37:00 Ballistics
36:44 Gold Mining
37:29 Stone Shaft Mining
37:31 Iron Casting
37:12 Chain Mail Armor
38:15 Halberdier
39:05 Bodkin Arrow
39:26 Leather Archer Armor
40:12 Blast Furnace
39:22 Double-Bit Axe
41:12 Elite Skirmisher
43:26 Murder Holes
Riopal88
4:21 Loom
14:45 Feudal Age
15:34 Town Watch
16:26 Wheelbarrow
15:36 Fishing Lines
15:57 Double-Bit Axe
22:50 Forging
23:47 Scale Mail Armor
26:31 Horse Collar
29:08 Fletching
32:43 Castle Age
30:55 Padded Archer Armor
31:58 Gold Mining
32:00 Stone Mining
32:11 Arson
33:07 Crossbowman
33:10 Eagle Warrior
33:53 Squires
34:37 Iron Casting
33:57 Pikeman
38:00 Chain Mail Armor
40:59 Bodkin Arrow
43:29 Hand Cart
XxxNoobKillerxxX
3:46 Loom
17:25 Feudal Age
18:55 Wheelbarrow
18:06 Town Watch
18:02 Man-at-Arms
31:15 Castle Age
Connection lost

Rejoining the realm…

Still unreachable

The connection could not be restored.

Session expired

The server has moved on; the page needs a fresh start.